 Dungeon Crawl Stone Soup version 0.29.1-13-g9f3cf754e1 (webtiles) character file.

Game seed: 3602972853850478293

1026 EarthwalkerPL the Covered (level 8, -23/71 HPs)
             Began as a Minotaur Fighter on Feb 7, 2023.
             Annihilated by an ogre
             ... wielding a +0 giant spiked club
              (31 damage)
             ... on level 5 of the Dungeon.
             The game lasted 00:05:02 (3819 turns).

EarthwalkerPL the Covered (Minotaur Fighter)        Turns: 3819, Time: 00:05:02

Health: -23/71     AC: 13    Str: 23    XL:     8   Next: 2%
Magic:  7/7        EV:  6    Int:  5    God:
Gold:   303        SH:  5    Dex: 10    Spells: 7/7 levels left

rFire   . . .      SeeInvis .   a - +0 war axe
rCold   + . .      Faith    .   c - +0 buckler
rNeg    . . .      Spirit   .   o - +0 plate armour
rPois   +          Reflect  .   (helmet restricted)
rElec   .          Harm     .   (no cloak)
rCorr   .          Rampage  .   (no gloves)
Will    .....                   (no boots)
Stlth   ..........              (no amulet)
HPRegen 0.21/turn               j - ring of protection from cold
MPRegen 0.10/turn               k - ring of poison resistance

@: no status effects
A: horns 2, retaliatory headbutt
a: no special abilities


You were on level 5 of the Dungeon.
You visited 1 branch of the dungeon, and saw 5 of its levels.

You collected 303 gold pieces.

Inventory:

Hand Weapons
 a - a +0 war axe (weapon)
Missiles
 e - 4 silver javelins (quivered)
 f - 12 poisoned darts
 m - 2 boomerangs
 y - 2 throwing nets
Armour
 b - a +0 scale mail
 c - a +0 buckler (worn)
 o - a +0 plate armour (worn)
Jewellery
 j - a ring of protection from cold (left hand)
 k - a ring of poison resistance (right hand)
 s - an amulet of magic regeneration
Wands
 n - a wand of light (12)
 A - a wand of charming (5)
Scrolls
 g - a scroll of poison {unknown}
 h - 3 scrolls of teleportation {unknown}
 i - 2 scrolls of vulnerability {unknown}
 p - 2 scrolls of enchant armour {unknown}
 q - 2 scrolls of butterflies {unknown}
 r - 7 scrolls of identify {unknown}
 u - 3 scrolls of magic mapping {unknown}
 v - a scroll of noise {unknown}
 C - a scroll of fear {unknown}
Potions
 d - 3 potions of might
 l - 2 potions of mutation {unknown}
 t - 3 potions of brilliance {unknown}
 w - a potion of invisibility {unknown}
 x - a potion of heal wounds {unknown}
 z - 2 potions of curing {unknown}
 B - a potion of lignification {unknown}


   Skills:
 * Level 6.9 Fighting
 * Level 6.3 Axes
 * Level 7.0 Armour
 + Level 5.5 Shields


You had 7 spell levels left.
You didn't know any spells.
Your spell library contained the following spells:

 Spells                   Type           Power      Damage    Failure   Level
 Summon Small Mammal      Summ           0%         N/A       100%        1
 Call Canine Familiar     Summ           0%         N/A       100%        3
 Summon Guardian Golem    Hex/Summ       0%         N/A       100%        3


Dungeon Overview and Level Annotations

Branches:
Dungeon (5/15)
 Temple: D:4-7

Altars:
Cheibriados
Sif Muna
Trog
Uskayaw

Shops:
D:5 *

Annotations:
D:4 2 transporters


Innate Abilities, Weirdness & Mutations

You have a pair of horns on your head.
You reflexively headbutt those who attack you in melee.


Message History

You are no longer corroded.
You start resting.
HP restored.
Found a leather armour.
Found a stone staircase leading up.
You see here a +0 leather armour.
Found an escape hatch in the floor.
Found a stone staircase leading down.
No target in view!
C - a scroll labelled ARHEUKHLA ONOMU You see here a +0 leather armour.
Found an escape hatch in the ceiling.
You open the door.
An ogre comes into view. It is wielding a +0 giant spiked club.
The ogre shouts!
Found 12 gold pieces.
There is an open door here.
You barely miss the ogre. You headbutt the ogre.
The ogre is lightly wounded.
The ogre hits you with a +0 giant spiked club!
You barely miss the ogre. You headbutt the ogre.
The ogre is moderately wounded.
The ogre hits you but does no damage.
You hit the ogre.
The ogre is moderately wounded.
The ogre hits you with a +0 giant spiked club!!
You are too injured to fight recklessly!
You are too injured to fight recklessly!
You are too injured to fight recklessly!
You slash the ogre!
You headbutt the ogre, but do no damage.
The ogre is heavily wounded.
The ogre hits you with a +0 giant spiked club!!
* * * LOW HITPOINT WARNING * * *
You slash the ogre!
The ogre is almost dead.
You barely miss the ogre.
The ogre is almost dead.
The ogre hits you with a +0 giant spiked club!!
You die...

#..#. #....## .....##
#.#### #...####.#
.........#
###+######......####
....... #.##......#####
.⌠...⌠.###.....#........
.......#................
$..⌠...@...########.##.[
......O###...# #....#
.⌠...⌠. ###.## #..###
....... #..#####..#
###+### ##.##.....#
######....###.#
#.<.....### #..#
...#####.# ##.# #.. .#


You could see an ogre.

Vanquished Creatures
  Sigmund (D:2)
  Menkaure (D:4)
  A water moccasin (D:5)
  A black bear (D:4)
  2 ogres
  A phantom (D:4)
  A jelly (D:5)
  An orc priest (D:5)
  An iguana (D:5)
  Natasha (twice) (D:3)
  An orc wizard (D:5)
  4 gnolls (D:5)
  4 adders
  A worm (D:2)
  2 dart slugs
  3 orcs
  6 ball pythons
  4 endoplasms
  4 giant cockroaches
  10 goblins
  4 hobgoblins
  12 kobolds
  2 quokkas (D:4)
  4 bats
  4 frilled lizards
  3 rats
80 creatures vanquished.

Vanquished Creatures (others)
  6 plants (D:4)
6 creatures vanquished.

Grand Total: 86 creatures vanquished

Notes
Turn   | Place    | Note
-------+----------+-------------------------------------------
     0 | D:1      | EarthwalkerPL the Minotaur Fighter began the quest for the
                  | Orb.
     0 | D:1      | Reached XP level 1. HP: 19/19 MP: 0/0
   247 | D:1      | Found a faded altar of an unknown god.
   383 | D:1      | Reached XP level 2. HP: 26/27 MP: 1/1
   714 | D:1      | Reached skill level 4 in Armour
  1203 | D:2      | Noticed Sigmund
  1216 | D:2      | Killed Sigmund
  1217 | D:2      | Reached skill level 5 in Armour
  1217 | D:2      | Reached XP level 3. HP: 8/35 MP: 2/2
  1217 | D:2      | Reached XP level 4. HP: 10/41 MP: 3/3
  1217 | D:2      | Reached XP level 5. HP: 11/47 MP: 4/4
  1218 | D:2      | Found a snail-covered altar of Cheibriados.
  1917 | D:3      | Reached skill level 5 in Fighting
  2108 | D:3      | Noticed Natasha
  2112 | D:3      | Killed Natasha
  2114 | D:3      | Found a shimmering blue altar of Sif Muna.
  2138 | D:3      | Noticed Natasha
  2145 | D:3      | Killed Natasha
  2299 | D:3      | Reached XP level 6. HP: 56/56 MP: 5/5
  2338 | D:3      | Found a bloodstained altar of Trog.
  2396 | D:4      | Noticed a +0 dagger
  2396 | D:4      | Noticed a +0 hand axe
  2423 | D:4      | Found a hide-covered altar of Uskayaw.
  2527 | D:4      | Found a transporter.
  2528 | D:4      | Found a transporter.
  2590 | D:4      | Noticed Menkaure
  2599 | D:4      | Killed Menkaure
  2600 | D:4      | Reached skill level 5 in Axes
  2600 | D:4      | Reached skill level 6 in Armour
  2702 | D:4      | Reached skill level 5 in Shields
  2702 | D:4      | Reached XP level 7. HP: 60/63 MP: 6/6
  3242 | D:5      | Entered Level 5 of the Dungeon
  3314 | D:5      | Found Etaaboud's General Store.
  3604 | D:5      | Reached skill level 7 in Armour
  3653 | D:5      | Reached XP level 8. HP: 52/71 MP: 7/7
  3819 | D:5      | Annihilated by an ogre

Illustrated notes

Levels and vault maps discovered:
D:1:      dpeg_arrival_arbitrary_b, layout_loops_ring,
          shapermc_ecumenical_altar_venn, minmay_misc_feat_plants
D:2:      layout_basic, basic_altar, dreamdust_wishing_well,
          corexii_leaking_fountain, uniq_sigmund
D:3:      layout_basic, trog_hazing_becter, general_overflow_altar, uniq_natasha
D:4:      layout_basic, dancing_weapons_uskayaw, gammafunk_ghost_gnarly_gnolls,
          hangedman_glass_teeth, uniq_menkaure
D:5:      layout_rooms, serial_shops, nicolae_square_shop, minmay_fountain_box,
          grunt_decor_arrowhead

Skill      XL: |  1  2  3  4  5  6  7 |
---------------+----------------------+-----
Armour         | 5 6 7 |  7.0
Axes           | 4 5 6 |  6.3
Fighting       | 4 5 6 |  6.9
Shields        | 4 5 |  5.5

Action                   |  1- 3 |  4- 6 |  7- 9 || total
-------------------------+-------+-------+-------++-------
Melee: War axe           |    63 |   100 |    64 ||   227
       Headbutt          |     5 |    11 |    11 ||    27
Armor: Scale mail        |    19 |       |       ||    19
       Plate armour      |     3 |    58 |    25 ||    86
Dodge: Dodged            |    26 |    26 |    19 ||    71
Block: Buckler           |     7 |    25 |     5 ||    37
